 Dungeon Crawl Stone Soup version 0.27-a0-1189-gb8eb6cee8e (webtiles) character file.

Game seed: 4829497235988339999

181361 freelancePsychic the Impassioned (level 18, -3/94 (102) HPs)
             Began as a Vine Stalker Fighter on May 22, 2021.
             Was the Champion of Uskayaw.
             Killed from afar by a deep elf death mage (27 damage)
             ... with a bolt of negative energy
             ... on level 3 of the Elven Halls.
             The game lasted 01:12:43 (24234 turns).

freelancePsychic the Impassioned (VSFi)            Turns: 24234, Time: 01:12:43

HP:   -3/94 (102)   AC: 23    Str: 28    XL:     18   Next: 30%
MP:   0/31          EV: 14    Int:  8    God:    Uskayaw [******]
Gold: 2429          SH: 13    Dex: 23    Spells: 17/17 levels left

rFire    . . .     SeeInvis .   b - +9 quick blade (elec)
rCold    + + .     Faith    .   c - +0 kite shield
rNeg     . . .     Spirit   +   y - +2 plate armour {rC+}
rPois    +         Reflect  .   f - +0 helmet
rElec    .         Harm     .   N - +1 cloak {rC+}
rCorr    .         Rampage  .   i - +0 pair of gloves
Will     ++...                  V - +0 pair of boots
Stlth    +.........             d - amulet of regeneration
HPRegen  2.25/turn              O - ring of Gotse {*Slow Str+4 Dex+6 Stlth+}
MPRegen  0.22/turn              t - ring of poison resistance

@: mighty, lethally poisoned (-3 -> -3), marked, hasted, studying 2 skills,
drained, very quick
A: fangs 3, regeneration 1, magic shield, antimagic bite, no potion heal 2
a: Renounce Religion, Stomp, Line Pass, Grand Finale


You were on level 3 of the Elven Halls.
You worshipped Uskayaw.
Uskayaw was most pleased with you.
You visited 5 branches of the dungeon, and saw 27 of its levels.
You also visited: Ossuary, Bailey, Ice Cave and Desolation.

You collected 3313 gold pieces.
You spent 884 gold pieces at shops.

Inventory:

Hand Weapons
 a - the +7 pair of quick blades "Gyre" and "Gimble" {protect}
   (You acquired it on level 14 of the Dungeon)

   It grants its wielder temporary protection when it strikes (+7 to AC).
 b - a +9 quick blade of electrocution (weapon)
 M - the +7 rapier "Yzityps" {drain, rElec}
   (You acquired it on level 2 of the Orcish Mines)

   A truly terrible weapon, it drains the life of those it strikes.
   It insulates you from electricity.
Missiles
 o - 8 atropa-tipped darts (quivered)
 L - 10 curare-tipped darts
Armour
 c - a +0 kite shield (worn)
 f - a +0 helmet (worn)
 i - a +0 pair of gloves (worn)
 y - a +2 plate armour of cold resistance (worn)
 H - a +0 tower shield
 N - a +1 cloak of cold resistance (worn)
 V - a +0 pair of boots (worn)
Jewellery
 d - an amulet of regeneration (around neck)
 t - a ring of poison resistance (right hand)
 A - a ring of ice
 J - the ring "Viqaclach" {Fly rElec rC+}
   (You found it in the Desolation of Salt)

   [ring of protection from cold]

   It protects you from cold.
   It insulates you from electricity.
   It grants you flight.
 O - the ring of Gotse (left hand) {*Slow Str+4 Dex+6 Stlth+}
   (You found it in the Desolation of Salt)

   [ring of dexterity]

   It affects your strength (+4).
   It affects your dexterity (+6).
   It may slow you when you take damage.
   It makes you more stealthy.
 W - a +4 ring of evasion
 Z - a ring of fire
Wands
 q - a wand of iceblast (34)
 v - a wand of digging (10)
 I - a wand of flame (43)
 P - a wand of mindburst (25)
 S - a wand of acid (19)
 U - a wand of paralysis (3)
 X - a wand of polymorph (7)
Scrolls
 j - 3 scrolls of fog
 k - 8 scrolls of teleportation {@r4}
 n - a scroll of silence
 B - a scroll of magic mapping
 D - 3 scrolls of summoning
 G - 3 scrolls of blinking
 K - 3 scrolls of fear
 Q - 2 scrolls of enchant armour
 R - 3 scrolls of holy word
 T - 2 scrolls of identify {@r1}
Potions
 e - 2 potions of brilliance
 g - 11 potions of curing {@q1}
 h - 5 potions of haste {@q3}
 l - 2 potions of cancellation
 m - 2 potions of attraction
 p - 2 potions of magic
 r - 5 potions of lignification
 w - 4 potions of degeneration
 x - 5 potions of mutation
 z - 2 potions of resistance
 C - 4 potions of flight
 E - a potion of invisibility
 F - 2 potions of berserk rage
 Y - 3 potions of ambrosia
Miscellaneous
 s - a phantom mirror


   Skills:
 - Level 14.1 Fighting
 - Level 10.0 Short Blades
 + Level 9.6 Armour
 + Level 11.5 Dodging
 - Level 8.3 Stealth
 - Level 9.5 Shields
 * Level 16.8 Invocations


You had 17 spell levels left.
You didn't know any spells.
Your spell library contained the following spells:

 Spells                   Type           Power      Damage    Failure   Level
 Apportation              Tloc           0%         N/A       100%        1
 Freeze                   Ice            0%         1d3       100%        1
 Magic Dart               Conj           0%         1d3       100%        1
 Blink                    Tloc           N/A        N/A       100%        2
 Call Imp                 Summ           0%         N/A       100%        2
 Poisonous Vapours        Pois/Air       0%         N/A       100%        2
 Searing Ray              Conj           0%         3d3       100%        2
 Slow                     Hex            0%         N/A       100%        2
 Conjure Flame            Conj/Fire      0%         6-21      100%        3
 Dazzling Flash           Conj/Hex       0%         N/A       100%        3
 Frozen Ramparts          Ice            0%         1d2       100%        3
 Ignite Poison            Fire/Tmut/Pois 0%         N/A       100%        3
 Lesser Beckoning         Tloc           0%         N/A       100%        3
 Mephitic Cloud           Conj/Pois/Air  0%         N/A       100%        3
 Ozocubu's Armour         Ice            0%         N/A       100%        3
 Swiftness                Air            0%         N/A       100%        3
 Tukima's Dance           Hex            0%         N/A       100%        3
 Fulminant Prism          Conj/Hex       0%         3d6       100%        4
 Hailstorm                Conj/Ice       0%         3d3       100%        4
 Iskenderun's Mystic Bla  Conj/Tloc      0%         2d3       100%        4
 Leda's Liquefaction      Hex/Erth       0%         N/A       100%        4
 Summon Lightning Spire   Summ/Air       0%         N/A       100%        4
 Alistair's Intoxication  Tmut/Pois      0%         N/A       100%        5
 Bolt of Magma            Conj/Fire/Erth 0%         4d4       100%        5
 Borgnjor's Vile Clutch   Necr/Erth      0%         N/A       100%        5
 Iskenderun's Battlesphe  Conj           0%         2d6       100%        5
 Manifold Assault         Tloc           0%         N/A       100%        5
 Metabolic Englaciation   Hex/Ice        0%         N/A       100%        5
 Silence                  Hex/Air        0%         N/A       100%        5
 Conjure Ball Lightning   Conj/Air       0%         3x3d6     100%        6
 Eringya's Noxious Bog    Tmut/Pois      0%         N/A       100%        6
 Freezing Cloud           Conj/Ice/Air   0%         6-21      100%        6
 Invisibility             Hex            0%         N/A       100%        6
 Iron Shot                Conj/Erth      0%         9d1       100%        6
 Statue Form              Tmut/Erth      0%         N/A       100%        6
 Orb of Destruction       Conj           0%         N/A       100%        7
 Spellforged Servitor     Conj/Summ      0%         N/A       100%        7
 Chain Lightning          Conj/Air       0%         N/A       100%        8
 Lehudib's Crystal Spear  Conj/Erth      0%         10d2      100%        8
 Absolute Zero            Ice            0%         ∞         100%        9
 Fire Storm               Conj/Fire      0%         5d1       100%        9
 Tornado                  Air            0%         N/A       100%        9


Dungeon Overview and Level Annotations

Branches:
Dungeon (15/15)            Temple (1/1) D:6            Lair (6/6) D:10
 Shoals (0/4) Lair:2        Snake (0/4) Lair:3        Slime (0/5) Lair:6
    Orc (2/2) D:9             Elf (3/3) Orc:2        Vaults (0/5) D:14
 Depths (0/5) D:15        Ossuary (visited)          Bailey (visited)
  IceCv (visited)         Desolation (visited)

Altars:
Ashenzari
Cheibriados
Dithmenos
Elyvilon
Fedhas
Gozag
Hepliaklqana
Kikubaaqudgha
Makhleb
Nemelex Xobeh
Okawaru
Qazlal
Ru
Sif Muna
Trog
Uskayaw
Vehumet
Wu Jian
Xom
Yredelemnul
Zin
The Shining One

Shops:
D:3 (   Orc:2 (*??   Elf:2 =:(*   Elf:3 (

Annotations:
D:10 Urug
Lair:1 2 runed translucent doors, Ovvef's ghost, journeyman GnFi
Lair:2 2 transporters, AtomicRavioli's ghost, journeyman HuNe
Elf:2 3 runed translucent doors
Elf:3 exclusion: orange crystal statue


Innate Abilities, Weirdness & Mutations

You have razor-sharp teeth.
Your natural rate of healing is unusually fast.
When hurt, damage is shared between your health and your magic reserves.
Your bite disrupts and absorbs the magic of your enemies.
Potions cannot restore your health.


Message History

You drain its magic.
The ghostly deep elf annihilator is almost destroyed.
The deep elf high priest is no longer sharing its pain.
The neqoxec gestures at you.
Something tries to feed on your intellect!
You closely miss the ghostly deep elf annihilator.
You bite the ghostly deep elf annihilator!
You destroy the ghostly deep elf annihilator!
You hit the Executioner but do no damage.
You bite the Executioner.
The Executioner's magic leaks into the air.
You drain its magic.
The Executioner is lightly wounded.
You block the Executioner's attack.
The Executioner hits you but does no damage. x2
The deep elf annihilator mumbles some strange words.
The deep elf annihilator blinks!
You miss the Executioner. Your bite misses the Executioner.
You feel sick.
The earth elemental is no longer sharing its pain.
The Executioner hits you but does no damage.
You block the Executioner's attack. The Executioner hits you!
* * * LOW HITPOINT WARNING * * *
The deep elf death mage beckons forth a restless soul!
You hit the Executioner. Your bite misses the Executioner.
The Executioner is lightly wounded.
You puncture the Executioner!
You kill the hellwing!
You bite the Executioner.
The Executioner's magic leaks into the air.
You drain its magic.
The Executioner is moderately wounded.
The Executioner hits you!
* * * LOW HITPOINT WARNING * * *
The Executioner hits you but does no damage.
You block the Executioner's attack.
The deep elf death mage casts a spell at you.
The bolt of negative energy hits the Executioner.
The Executioner completely resists.
The bolt of negative energy hits you!!!
You feel drained.
You die...

#.# #...##..# #.#
#...##..# ###.# #####...#
##.#.# #....## ##....#
#....# ### #.....#
##)e)####.## ##....##
##.....##...## .
##....####e3e.)##.....#..
#....).@1ee.E*e))e⌠..e..
#....####eeEE.##.....#..
#.#.## ##1E2..##...##
#.### ##3... ##.## #.#
##*.# ### ##.# ##'# #..#
#.# #.## #.#
#.############.#


You could see a hell beast (summoned), a deep elf master archer (pain bonded), 2
deep elf annihilators, 3 deep elf death magi, 2 Executioners, a deep elf
demonologist (empowered, pain bonded), a deep elf high priest (brilliance aura),
4 earth elementals, a sixfirhy (summoned, pain bonded), a neqoxec (summoned,
pain bonded) and 2 lost souls.

Vanquished Creatures
  2 deep elf blademasters (Elf:3)
  3 imperial myrmidons (Desolation)
  A deep elf sorcerer (Elf:3)
  4 deep elf elementalists
  2 deep elf demonologists
  2 dire elephants (Lair:6)
  5 deep elf annihilators
  2 halazid warlocks (Desolation)
  An ettin (D:15)
  2 deep elf death magi (Elf:3)
  The ghost of Fuykikh the Eclecticist, a journeyman DEWz of Vehumet (D:13)
  A crystal guardian (Desolation)
  7 ragged hierophants
  5 boulder beetles
  7 servants of whispers (Desolation)
  A rakshasa (D:14)
  9 hydras
  An ogre mage (D:15)
  Fannar (D:12)
  7 centaur warriors
  7 peacekeepers (Desolation)
  2 catoblepae
  16 dancing weapons
  Erica (D:9)
  2 tengu warriors (D:15)
  4 two-headed ogres
  3 death yaks (Lair:6)
  A hell knight (D:15)
  5 orc high priests (Orc:2)
  7 deep elf knights
  Sonja (D:9)
  Pikel (D:7)
  8 deep elf archers
  4 wizards
  13 deep elf zephyrmancers
  7 ironbound convokers (Desolation)
  A necromancer (IceCv)
  20 deep elf pyromancers
  A lindwurm (Lair:6)
  An oklob plant (Lair:4)
  7 orc knights
  10 ugly things
  4 manticores
  5 cyclopes
  4 orc sorcerers (Orc:2)
  8 elephants
  A black mamba (shapeshifter) (D:14)
  2 guardian serpents (Desolation)
  5 black mambas
  2 molten gargoyles (Desolation)
  13 cane toads
  2 gargoyles
  An ice statue (IceCv)
  3 kobold demonologists
  6 komodo dragons
  A yaktaur (D:10)
  A demonic crawler (Lair:4)
  An efreet (D:14)
  6 rime drakes
  2 ice devils (D:13)
  10 freezing wraiths (IceCv)
  A wolf spider simulacrum (D:13)
  A hornet (D:7)
  2 polar bears
  7 trolls
  57 saltlings
  24 blink frogs
  A meliai zombie (D:11)
  A snapping turtle (Lair:2)
  4 slime creatures (D:12)
  18 dream sheep
  A shadow (D:13)
  An air elemental (Elf:1)
  2 yaks (shapeshifter) (D:14)
  2 water elementals (Elf:2)
  2 fire elementals
  A hog (shapeshifter) (D:14)
  37 yaks
  3 wyverns
  2 fire bats (Lair:5)
  2 wraiths
  2 basilisks
  3 swamp worms (Lair:4)
  A swamp worm (shapeshifter) (Elf:2)
  8 vampire mosquitoes
  2 death yak simulacra (IceCv)
  3 nagas (Lair:3)
  8 wargs
  2 acid dragons
  13 water moccasins
  35 orc warriors
  A meliai simulacrum (D:13)
  8 ice beasts
  3 hornet zombies
  2 sky beasts
  A black bear (D:6)
  15 wolves
  3 necrophages
  12 ogres
  14 centaurs
  6 kobold brigands
  10 bullfrogs
  A gnoll sergeant (D:8)
  3 earth elementals
  2 scorpions
  4 water moccasin zombies
  An elephant simulacrum (IceCv)
  A water moccasin skeleton (D:6)
  9 killer bees (D:9)
  4 wights
  3 electric eels
  A lava snake (Lair:5)
  10 centaur zombies
  A centaur skeleton (D:6)
  4 bullfrog zombies (Ossuary)
  4 draconian simulacra (IceCv)
  5 hounds
  5 jellies
  20 orc priests
  A bullfrog skeleton (D:6)
  Ijyb (D:4)
  24 orc wizards
  3 iguanas
  A scorpion zombie (D:4)
  12 hell rats
  4 spriggan simulacra (IceCv)
  2 troll simulacra (IceCv)
  3 killer bee zombies
  A polar bear simulacrum (IceCv)
  6 centaur simulacra
  A hound zombie (D:5)
  16 mummies (Ossuary)
  3 howler monkey zombies
  Robin (D:3)
  5 gnolls (D:8)
  A howler monkey skeleton (D:3)
  12 adders
  6 naga simulacra (IceCv)
  3 ogre simulacra (IceCv)
  2 shadow imps
  13 white imps
  2 adder skeletons
  2 worms
  4 dart slugs
  97 orcs
  6 ball pythons
  14 endoplasms
  4 giant cockroaches
  12 hobgoblins
  6 jackals
  16 kobolds
  4 quokkas
  5 bats
  10 frilled lizards
  20 goblins
  2 rats (D:3)
987 creatures vanquished.

Vanquished Creatures (others)
  A bush (D:10)
  20 fungi
  A pillar of salt (Desolation)
  26 plants
  10 toadstools (Lair:1)
  5 withered plants
63 creatures vanquished.

Grand Total: 1050 creatures vanquished

Notes
Turn   | Place    | Note
-------+----------+-------------------------------------------
     0 | D:1      | freelancePsychic the Vine Stalker Fighter began the quest
                  | for the Orb.
     0 | D:1      | Reached XP level 1. HP: 11/11 MP: 2/2
    20 | D:1      | Reached XP level 2. HP: 11/16 MP: 3/3
   589 | D:1      | Reached XP level 3. HP: 18/19 MP: 2/4
  1371 | D:2      | Gained mutation: Your natural rate of healing is unusually
                  | fast. [Vine Stalker growth]
  1371 | D:2      | Reached XP level 4. HP: 18/24 MP: 5/5
  1593 | D:2      | Found a faded altar of an unknown god.
  1962 | D:3      | Found Jiri's Weapon Boutique.
  1981 | D:3      | Reached XP level 5. HP: 28/28 MP: 6/6
  2214 | D:3      | Noticed Robin
  2223 | D:3      | Killed Robin
  2417 | D:3      | Reached XP level 6. HP: 33/33 MP: 7/7
  2826 | D:3      | Bought a +1 dagger of electrocution for 156 gold pieces
  2977 | D:4      | Found an ornate altar of the Wu Jian Council.
  3190 | D:4      | Reached skill level 5 in Short Blades
  3190 | D:4      | Reached XP level 7. HP: 37/37 MP: 8/8
  3414 | D:5      | Entered Level 5 of the Dungeon
  3415 | D:5      | Noticed Ijyb
  3431 | D:4      | Killed Ijyb
  3641 | D:5      | Found a broken altar of Ashenzari.
  3705 | D:5      | Reached skill level 5 in Fighting
  3751 | D:5      | Gained mutation: You have razor-sharp teeth. [Vine Stalker
                  | growth]
  3751 | D:5      | Reached XP level 8. HP: 43/43 MP: 9/9
  4328 | D:6      | Found a sand-covered staircase.
  4333 | Ossuary  | Entered an ossuary
  4479 | Ossuary  | Reached XP level 9. HP: 20/48 MP: 5/10
  4737 | D:6      | Found a staircase to the Ecumenical Temple.
  4754 | Temple   | Entered the Ecumenical Temple
  4779 | Temple   | Became a worshipper of Uskayaw the Reveller
  4884 | D:6      | Reached * piety under Uskayaw
  4887 | D:6      | Reached ** piety under Uskayaw
  5211 | D:6      | Reached *** piety under Uskayaw
  5216 | D:6      | Reached **** piety under Uskayaw
  5218 | D:6      | Reached ***** piety under Uskayaw
  5320 | D:6      | Reached skill level 10 in Short Blades
  5462 | D:6      | Reached skill level 1 in Invocations
  5751 | D:7      | Reached skill level 2 in Invocations
  5790 | D:7      | Reached XP level 10. HP: 47/55 MP: 10/13
  5831 | D:7      | Paralysed by a hornet for 2 turns
  5840 | D:7      | Reached skill level 3 in Invocations
  5923 | D:7      | Noticed Pikel
  5942 | D:7      | Killed Pikel
  5943 | D:7      | Reached skill level 4 in Invocations
  6130 | D:7      | Found a bloodstained altar of Trog.
  6267 | D:8      | Found a large runed translucent door.
  6269 | D:8      | Found a large runed translucent door.
  6319 | D:8      | Reached skill level 5 in Shields
  6392 | D:8      | Found an iron altar of Okawaru.
  6624 | D:8      | Reached skill level 5 in Invocations
  7019 | D:8      | Found a snail-covered altar of Cheibriados.
  7025 | D:8      | Found a sacrificial altar of Ru.
  7148 | D:9      | Reached skill level 6 in Invocations
  7608 | D:9      | Reached XP level 11. HP: 50/60 MP: 6/17
  7615 | D:9      | Reached skill level 7 in Invocations
  8081 | D:9      | Found a staircase to the Orcish Mines.
  8089 | D:9      | Noticed Erica
  8123 | D:9      | Killed Erica
  8233 | D:9      | Identified a scroll of acquirement
  8233 | D:9      | Acquired a +5 quick blade
  8311 | D:10     | Entered Level 10 of the Dungeon
  8324 | D:10     | Found a staircase to the Lair.
  8333 | D:10     | Reached skill level 8 in Invocations
  8340 | D:10     | Reached ****** piety under Uskayaw
  8391 | D:10     | Noticed a two-headed ogre
  8392 | D:10     | Found a flagged portal.
  8413 | D:10     | Killed a two-headed ogre
  8429 | Bailey   | Entered a bailey
  8429 | Bailey   | Noticed an orc knight
  8444 | Bailey   | Reached skill level 9 in Invocations
  8465 | Bailey   | Killed an orc knight
  8526 | Bailey   | Noticed an orc knight
  8720 | D:10     | Noticed Urug
  8772 | Orc:1    | Entered Level 1 of the Orcish Mines
  8772 | Orc:1    | Noticed Sonja
  8849 | Lair:1   | Entered Level 1 of the Lair of Beasts
  8959 | Lair:1   | Reached skill level 1 in Dodging
  8971 | Lair:1   | Reached XP level 12. HP: 50/67 MP: 19/19
  9117 | Lair:1   | Noticed a four-headed hydra
  9127 | Lair:1   | Killed a four-headed hydra
  9300 | Lair:1   | Found a runed translucent door.
  9301 | Lair:1   | Noticed Ovvef's ghost (journeyman GnFi)
  9631 | Lair:1   | Noticed a catoblepas
  9631 | Lair:1   | Noticed a catoblepas
  9652 | Lair:1   | Found a runed translucent door.
  9944 | Lair:2   | Reached skill level 10 in Fighting
  9967 | Lair:2   | Found a transporter.
  9969 | Lair:2   | Noticed AtomicRavioli's ghost (journeyman HuNe)
  9984 | Lair:2   | Found a transporter.
 10093 | Lair:2   | Found a staircase to the Shoals.
 10571 | Lair:3   | Reached skill level 5 in Armour
 10598 | Lair:3   | Found a staircase to the Snake Pit.
 10897 | Lair:3   | Noticed a six-headed hydra
 10906 | Lair:3   | Killed a six-headed hydra
 10907 | Lair:3   | Reached skill level 5 in Dodging
 11058 | Lair:3   | Noticed a seven-headed hydra
 11068 | Lair:3   | Killed a seven-headed hydra
 11069 | Lair:3   | Reached XP level 13. HP: 52/73 MP: 20/20
 11549 | Lair:4   | Reached skill level 1 in Stealth
 11912 | Lair:4   | Identified the +5 falchion "Heow" {vorpal, Str+2}
 12508 | Lair:5   | Reached skill level 5 in Stealth
 13340 | Lair:6   | Entered Level 6 of the Lair of Beasts
 13643 | Lair:6   | Found a staircase to the Slime Pits.
 13730 | Lair:6   | Reached XP level 14. HP: 80/80 MP: 21/21
 13933 | Lair:6   | Noticed a dire elephant
 13970 | Lair:6   | Killed a dire elephant
 13976 | Lair:6   | Identified the +10 scimitar "Earthworm" {elec, rF+ rC+}
 14004 | Lair:6   | Noticed a dire elephant
 14018 | Lair:6   | Killed a dire elephant
 14447 | D:9      | Killed Sonja
 14731 | Orc:2    | Entered Level 2 of the Orcish Mines
 14796 | Orc:2    | Found a bloodstained altar of Trog.
 14805 | Orc:2    | Found a staircase to the Elven Halls.
 15403 | Orc:2    | Found a burning altar of Makhleb.
 15722 | Orc:2    | Reached skill level 10 in Invocations
 15743 | Orc:2    | Found Xiatiq's Magic Scroll Shop.
 15743 | Orc:2    | Found Wimuann's Magic Scroll Shoppe.
 15745 | Orc:2    | Found Hayfoeg's Antique Weapon Shop.
 15745 | Orc:2    | Found Qatu's Assorted Antiques.
 15756 | Orc:2    | Bought a scroll of acquirement for 728 gold pieces
 15756 | Orc:2    | Acquired the +7 rapier "Yzityps" {drain, rElec}
 15978 | D:10     | You fall into a shaft and drop 3 floors!
 16102 | D:13     | Reached XP level 15. HP: 86/86 MP: 23/23
 16156 | D:13     | Found a runed translucent gate.
 16156 | D:13     | Found a runed translucent gate.
 16156 | D:13     | Found a runed translucent gate.
 16247 | D:13     | Noticed Fuykikh's ghost (journeyman DEWz)
 16525 | D:13     | Found a stormy altar of Qazlal.
 16999 | D:12     | Noticed Fannar
 17013 | D:12     | Reached skill level 11 in Invocations
 17013 | D:12     | Killed Fannar
 17731 | D:11     | Found a frozen archway.
 17737 | IceCv    | Entered an ice cave
 17951 | IceCv    | Found an ancient bone altar of Kikubaaqudgha.
 18381 | D:11     | Found a radiant altar of Vehumet.
 18908 | D:13     | Killed Fuykikh's ghost
 18963 | D:14     | Reached skill level 12 in Invocations
 19008 | D:14     | Acquired the +7 pair of quick blades "Gyre" and "Gimble"
                  | {protect}
 19009 | D:14     | Found the +7 pair of quick blades "Gyre" and "Gimble"
                  | {protect}
 19147 | D:14     | Found a gate to the Vaults.
 19641 | D:14     | You fall into a shaft and drop 1 floor!
 19641 | D:15     | Entered Level 15 of the Dungeon
 19655 | D:15     | Reached XP level 16. HP: 93/93 MP: 26/26
 19856 | D:15     | Reached skill level 13 in Invocations
 20048 | D:15     | Found a staircase to the Depths.
 20540 | Elf:1    | Entered Level 1 of the Elven Halls
 20676 | Elf:1    | Found a ruined gateway.
 20695 | Desolati | Entered the Desolation of Salt
 20732 | Desolati | Identified the ring of Gotse {*Slow Str+4 Dex+6 Stlth+}
 20781 | Desolati | Identified the ring "Viqaclach" {Fly rElec rC+}
 20840 | Desolati | Identified the +7 glaive of the Orcish Mines {drain, rF+
                  | rN+ rCorr}
 20841 | Desolati | Identified the +10 mace "Ifex" {speed, rPois Int-4 Dex+4}
 20903 | Desolati | Identified the amulet "Fitwuraox" {Spirit Rampage rCorr
                  | Str+3}
 20911 | Desolati | Reached skill level 14 in Invocations
 20930 | Desolati | Identified the Almanac of Vitriolic Weightlessness
 20979 | Desolati | Reached skill level 10 in Dodging
 20991 | Desolati | Identified the ring of Jirchutra {Ice rPois Will+ Str-3}
 21135 | Desolati | Identified the Compendium of Unstable Clay
 21159 | Desolati | Reached XP level 17. HP: 97/97 MP: 28/28
 21384 | Desolati | Reached skill level 15 in Invocations
 22783 | Elf:2    | Found Wudey's Book Emporium.
 22796 | Elf:2    | Found Gotizud's Assorted Antiques.
 23051 | Elf:2    | Found a runed translucent gate.
 23051 | Elf:2    | Found a runed translucent gate.
 23051 | Elf:2    | Found a runed translucent gate.
 23121 | Elf:2    | Reached skill level 16 in Invocations
 23208 | Elf:2    | Found Cibburov's Jewellery Shoppe.
 23212 | Elf:2    | Identified the +0 hunting sling of the Realm of Zot
                  | {vorpal, rElec Int+2}
 23247 | Elf:2    | Found Xueh's Weapon Shop.
 23503 | Elf:3    | Entered Level 3 of the Elven Halls
 23734 | Elf:3    | Identified the +1 leather armour "Ozeefem" {-Tele Fly rElec
                  | Will++}
 23745 | Elf:3    | Found Loab Tua's Antique Weapon Shoppe.
 23821 | Elf:3    | Reached XP level 18. HP: 102/102 MP: 31/31
 24161 | Elf:3    | Noticed a deep elf blademaster
 24183 | Elf:3    | Identified the ring of Seaheof {rF+ Will- Int+6 Dex+4}
 24183 | Elf:3    | Noticed a deep elf blademaster
 24184 | Elf:3    | Killed a deep elf blademaster
 24201 | Elf:3    | Noticed a deep elf master archer
 24205 | Elf:3    | Identified the +4 flail "Caimm" {freeze, Will- Str+5}
 24213 | Elf:3    | Killed a deep elf blademaster
 24234 | Elf:3    | Killed from afar by a deep elf death mage

Illustrated notes

Levels and vault maps discovered:
D:1:      scummos_arrival_star, layout_rooms, minivault_27, serial_park_tiny_1,
          minmay_misc_feat_plants
D:2:      minmay_inner_zag, layout_basic, hellmonk_ecumenical_altar_dog_temple
D:3:      minmay_octagon_keep, layout_loops_ring, serial_shops,
          nicolae_shop_statue_plus, grunt_ministairs_8, minivault_27,
          chequers_serial_rivers_micro_b, uniq_robin
D:4:      layout_rooms, nicolae_wu_jian_immortal_techniques,
          minmay_fractal_squares_gapless_5
D:5:      layout_cave_pools, nicolae_ashenzari_panopticon, eino_tiny_chamber,
          kennysheep_opposing_triangles, uniq_ijyb
D:6:      minmay_chambers_of_threes, layout_loops_corners,
          minmay_temple_entry_mini_moons, nicolae_ossuary_entry_ruins
D:7:      layout_rooms, kennysheep_mini, minmay_misc_feat_square, uniq_pikel
D:8:      layout_loops_cross, okawaru_gym_becter, jmf_multi_god_temple2,
          hangedman_glass_teeth, st_stairs_13
D:9:      layout_basic, david_orc_1_choice, uniq_erica
D:10:     layout_loops_corners, minmay_lair_entry_grove, enter_bailey_2,
          uniq_urug
D:11:     layout_roguey, portal_ice_cave_rime, vehumet_crystals
D:12:     layout_irregular_city, uniq_fannar
D:13:     layout_basic, gammafunk_ghost_icy, grunt_qazlal_sundering
D:14:     layout_basic, erik_vaults_1
D:15:     hangedman_depths_entry_civil_slaughter, layout_irregular_city,
          skrybe_limestone_x, drop_trap, due_unseen_surprise
Temple:   nicolae_temple_x_marks_the_god
Lair:1:   gammafunk_lair_enchanted_lake, layout_regular_city,
          ebering_ghost_inner_flame
Lair:2:   layout_roguey, minmay_shoals_entry_hut,
          gammafunk_ghost_berserking_beasts, serial_bayou_lagoon_b
Lair:3:   layout_cellular_growth, guppyfry_snake_entry_garden
Lair:4:   layout_gridlike, worms_lemuel, grunt_megastairs_2
Lair:5:   wad_woods_04, layout_gridlike
Lair:6:   hangedman_lair_in_review, layout_gridlike,
          nicolae_slime_entry_slimehenge
Orc:1:    layout_caves, uniq_sonja
Orc:2:    grunt_orc_tribal_feast, layout_caves, special_room, basic_altar,
          bloody_makhleb
Elf:1:    eino_elf_arrival_customs, layout_onion_city,
          portal_desolation_entry_salt, evilmike_minifort
Elf:2:    layout_onion_city, serial_shops, shop, shop, shop, shop_statue
Elf:3:    grunt_elf_hall_diamonds, layout_loops_corners, serial_shops, shop,
          minivault_16, elf_orc_summit_meeting

Skill      XL: |  1  2  3  4  5  6  7  8  9 10 11 12 13 14 15 16 17 |
---------------+----------------------------------------------------+-----
Short Blades   | 2 3 4 5 6 8 10 | 10.0
Shields        | 3 4 6 7 9 |  9.5
Fighting       | 3 4 5 6 7 8 9 10 12 13 14 | 14.1
Invocations    | 2 6 9 10 12 14 16 | 16.8
Dodging        | 1 5 7 9 10 11 | 11.5
Armour         | 3 6 7 9 |  9.6
Stealth        | 7 8 |  8.3

Action                   |  1- 3 |  4- 6 |  7- 9 | 10-12 | 13-15 | 16-18 || total
-------------------------+-------+-------+-------+-------+-------+-------++-------
Melee: Rapier            |    83 |       |       |       |       |       ||    83
       Bite              |    20 |    73 |   142 |   253 |   488 |   440 ||  1416
       Short sword       |    31 |   178 |    22 |       |       |       ||   231
       Dagger            |       |    55 |   347 |   314 |       |       ||   716
       Quick blade       |       |       |       |   322 |  1055 |   817 ||  2194
       Pair of quick bla |       |       |       |       |    74 |     7 ||    81
       Scimitar          |       |       |       |       |     8 |       ||     8
Throw: Dart              |       |       |       |     2 |       |       ||     2
Evoke: Wand              |       |       |       |     4 |       |       ||     4
  Use: Scroll            |     1 |     6 |     6 |    12 |    15 |     3 ||    43
       Potion            |       |       |     2 |     2 |       |     3 ||     7
 Stab: Paralysed         |       |       |     3 |    34 |    99 |    67 ||   203
       Petrified         |       |       |       |       |     2 |       ||     2
       Invisible         |       |       |       |       |       |     2 ||     2
Armor: Scale mail        |    45 |    79 |   118 |    96 |       |       ||   338
       Skin              |       |       |    18 |       |       |       ||    18
       Plate armour      |       |       |       |    25 |   315 |   123 ||   463
Dodge: Dodged            |    32 |    67 |    82 |    92 |   220 |   146 ||   639
Block: Kite shield       |    46 |   117 |   161 |   251 |   365 |   207 ||  1147

Table legend: (Time is in decaauts)
 A = Elapsed time spent in this place.
 B = Non-inter-level travel time spent in this place.
 C = Inter-level travel time spent in this place.
 D = Time resting spent in this place.
 E = Time spent auto-exploring this place.
 F = Levels seen in this place.
 G = Mean time per level.
                   A        B        C        D        E       F      G
               +--------+--------+--------+--------+--------+-----+--------+
         Total |  22987 |  21587 |   1400 |    158 |  16306 |  31 |  741.5 |
       Dungeon |  12184 |  11294 |    890 |     11 |   8715 |  15 |  812.3 |
        Temple |     66 |     66 |      0 |      0 |     50 |   1 |   66.0 |
          Lair |   5297 |   4939 |    358 |      0 |   4223 |   6 |  882.8 |
  Orcish Mines |   1294 |   1220 |     74 |     76 |    788 |   2 |  647.0 |
   Elven Halls |   2460 |   2383 |     77 |      6 |   1855 |   3 |  820.0 |
       Ossuary |    329 |    329 |      0 |      0 |    113 |   1 |  329.0 |
        Bailey |     82 |     82 |      0 |      0 |     12 |   1 |   82.0 |
      Ice Cave |    456 |    456 |      0 |     48 |    175 |   1 |  456.0 |
    Desolation |    816 |    816 |      0 |     17 |    373 |   1 |  816.0 |
               +--------+--------+--------+--------+--------+-----+--------+

Top non-repeatable levels by time:
     D:9: 1410 daAuts
   Elf:1: 1140 daAuts
     D:2: 1125 daAuts
     D:6: 1098 daAuts
  Lair:1: 1045 daAuts
    D:13: 995 daAuts
  Lair:5: 945 daAuts
  Lair:3: 937 daAuts
     D:3: 906 daAuts
     D:1: 872 daAuts
     D:8: 833 daAuts
  Lair:6: 824 daAuts
  Lair:4: 818 daAuts
Desolation: 816 daAuts
   Orc:2: 789 daAuts
